 Dungeon Crawl Stone Soup version 0.31-a0-818-ge7c7cf74f0 (webtiles) character file.

Game seed: 2328019622797652785

26254 Kurtz the Severer (level 13, -6/92 HPs)
             Began as an Octopode Fighter on Sept 23, 2023.
             Was an Initiate of Gozag.
             Mangled by a 13-headed hydra (10 damage)
             ... on level 2 of the Lair of Beasts.
             The game lasted 00:30:28 (15725 turns).

Kurtz the Severer (Octopode Fighter)               Turns: 15725, Time: 00:30:28

Health: -6/92      AC: 10    Str:  9 (11) XL:     13   Next: 24%
Magic:  0/14       EV: 21    Int:  7 (8)  God:    Gozag
Gold:   679        SH: 11    Dex: 16 (19) Spells: 9/14 levels left

rFire   + . .        N - +3 war axe of the Tundras {heavy, rPois rC+ Str-5}
rCold   + . .        R - +0 kite shield
rNeg    + . .        p - +1 hat
rPois   +            w - amulet "Noibb" {Spirit rElec Will++ Dex+3}
rElec   +            h - +5 ring of evasion
rCorr   .            b - ring of protection from fire
SInv    +            k - +4 ring of protection
Will    ++...        B - ring of see invisible
Stlth   ++           Q - ring of wizardry
HPRegen 0.35/turn    T - ring of positive energy
MPRegen 0.14/turn    a - ring of flight
                     l - +4 ring of protection

%: guardian spirit, wizardry (x1)
@: gold aura, flying
A: almost no armour, amphibious, 8 rings, camouflage 1, gelatinous body 1,
(nimble swimmer 1), tentacles, dopey 1
a: Renounce Religion, Potion Petition, Call Merchant, Bribe Branch


You were on level 2 of the Lair of Beasts.
You worshipped Gozag.
Gozag was pleased with you.
You visited 2 branches of the dungeon, and saw 15 of its levels.
You also visited: Sewer, Ossuary and Volcano.

You collected 3795 gold pieces.
You spent 136 gold pieces at shops.
You paid 2980 gold pieces to Gozag.

Inventory:

Hand Weapons
 t - a +1 war axe of flaming
 F - a +0 broad axe
 N - the +3 war axe of the Tundras (weapon) {heavy, rPois rC+ Str-5}
   (You took it off a wight on level 9 of the Dungeon)

   Str-5:     It affects your strength (-5).
   rC+:       It protects you from cold.
   rPois:     It protects you from poison
 S - a +0 broad axe
Missiles
 g - 11 javelins
 y - a throwing net (quivered)
 M - 3 poisoned darts
Armour
 p - a +1 hat (worn)
 C - an orb of energy
 R - a +0 kite shield (worn)
Jewellery
 a - a ring of flight (on tentacle)
 b - a ring of protection from fire (right tentacle)
 h - a +5 ring of evasion (left tentacle)
 j - a ring of resist corrosion
 k - a +4 ring of protection (on tentacle)
 l - a +4 ring of protection (on tentacle)
 m - a ring of fire
 w - the amulet "Noibb" (around mantle) {Spirit rElec Will++ Dex+3}
   (You found it in a sewer)

   [amulet of guardian spirit]

   Spirit:    It causes incoming damage to be divided between your reserves of
   health and magic.
   Dex+3:     It affects your dexterity (+3).
   rElec:     It insulates you from electricity.
   Will++:    It greatly increases your willpower.
 B - a ring of see invisible (on tentacle)
 Q - a ring of wizardry (on tentacle)
 T - a ring of positive energy (on tentacle)
Wands
 f - a wand of iceblast (6)
 z - a wand of quicksilver (12)
 O - a wand of mindburst (5)
Scrolls
 d - 2 scrolls of immolation
 n - 10 scrolls of teleportation
 o - 3 scrolls of fog
 r - a scroll of vulnerability
 s - a scroll of amnesia
 v - 2 scrolls of enchant armour
 x - 3 scrolls of blinking
 I - a scroll of silence
 K - 2 scrolls of enchant weapon
Potions
 c - 6 potions of mutation
 e - 7 potions of curing
 i - 2 potions of lignification
 q - 3 potions of resistance
 u - a potion of degeneration
 A - 2 potions of haste
 D - 5 potions of heal wounds
 E - a potion of invisibility
 G - a potion of brilliance
 H - 2 potions of cancellation
 J - 3 potions of berserk rage
 L - 2 potions of might


   Skills:
 * Level 10.1 Fighting
 - Level 16.0 Axes
 * Level 10.0 Dodging
 * Level 9.0 Shields
 * Level 1.2 Spellcasting
 * Level 1.3 Hexes
 * Level 1.3 Necromancy


You had 9 spell levels left.
You knew the following spells:

 Your Spells              Type           Power      Damage    Failure   Level
a - Necrotise             Necr           8%         1d4       32%         1
b - Anguish               Hex/Necr       1%         N/A       95%         4

Your spell library contained the following spells:

 Spells                   Type           Power      Damage    Failure   Level
 Apportation              Tloc           0%         N/A       47%         1
 Summon Small Mammal      Summ           0%         N/A       47%         1
 Ensorcelled Hibernation  Hex/Ice        2%         N/A       52%         2
 Passwall                 Tmut/Erth      0%         N/A       61%         2
 Dazzling Flash           Conj/Hex       2%         N/A       75%         3
 Hailstorm                Conj/Ice       0%         3d3       83%         3
 Swiftness                Air            0%         N/A       83%         3
 Airstrike                Air            0%         2d(0-16)  99%         4
 Summon Ice Beast         Ice/Summ       0%         N/A       99%         4
 Agony                    Necr           2%         N/A       100%        5
 Silence                  Hex/Air        0%         N/A       100%        5
 Yara's Violent Unravell  Hex/Tmut       0%         3d3       100%        5
 Simulacrum               Ice/Necr       Unusable   N/A       N/A         6

Dungeon Overview and Level Annotations

Branches:
Dungeon (13/15)            Temple (0/1) D:5            Lair (2/5) D:9
    Orc (0/2) D:10          Sewer (visited)         Ossuary (visited)
Volcano (visited)
  Swamp: Lair:2-3    Shoals: Lair:2-3     Snake: Lair:2-3    Spider: Lair:2-3
 Vaults: D:13-14

Altars:
Elyvilon
Gozag
Makhleb
Qazlal
Trog
Uskayaw
Vehumet
Wu Jian
Xom
Yredelemnul
The Shining One

Shops:
D:7 :   D:10 *

Portals:
Trove: D:13 (give 4 scrolls of fog)

Annotations:
D:4 1 runed translucent door, Crazy Yiuf
D:5 exclusion: downstairs
D:6 Dowan, Duvessa
D:8 1 runed translucent door
D:9 3 runed translucent doors, exclusion: obsidian statue, justen's ghost, novice MfSh
D:12 exclusions: downstairs and 1 more exclusion


Innate Abilities, Weirdness & Mutations

You cannot wear most types of armour.
You are amphibious.
You can wear up to eight rings at the same time.
Your skin changes colour to match your surroundings (Stealth+).
Your rubbery body absorbs attacks. (AC +1, EV +1)
((You are camouflaged when in or above water. (Stealth+)))
You have tentacles for arms and can constrict up to eight enemies at once.
You are dopey. (Int -2)


Message History

* * * LOW HITPOINT WARNING * * *
The 12-headed hydra barely misses you. You block the 12-headed hydra's attack.
The 12-headed hydra bites you.
* * * LOW HITPOINT WARNING * * *
The 12-headed hydra completely misses you.
The 12-headed hydra bites you but does no damage.
The 12-headed hydra misses you. x2; The 12-headed hydra bites you!
* * * LOW HITPOINT WARNING * * *
You block the 12-headed hydra's attack. [a] - 480 gold - resistance, might and haste [b] - 242 gold - curing and magic [c] - 432 gold - heal wounds, curing and magic Purchase which effect?
You no longer have enough gold to fund merchants seeking to open stores in the dungeon.
You feel much better.
You feel better. Magic courses through your body.
You block the 12-headed hydra's attack.
The 12-headed hydra barely misses you. x2
You block the 12-headed hydra's attack. x2; The 12-headed hydra bites you.
You block the 12-headed hydra's attack. The 12-headed hydra misses you.
The 12-headed hydra bites you! The 12-headed hydra barely misses you.
The 12-headed hydra bites you but does no damage.
The 12-headed hydra bites you.
* * * LOW HITPOINT WARNING * * *
Unknown command.
You lop one of the 12-headed hydra's heads off!
The 11-headed hydra grows two more!
You hit the 13-headed hydra.
Your squeeze misses the 13-headed hydra.
The 13-headed hydra is severely wounded.
The 13-headed hydra misses you. You block the 13-headed hydra's attack.
The 13-headed hydra bites you!
* * * LOW HITPOINT WARNING * * *
The 13-headed hydra misses you.
The 13-headed hydra bites you but does no damage.
The 13-headed hydra completely misses you.
The 13-headed hydra bites you!
* * * LOW HITPOINT WARNING * * *
The 13-headed hydra bites you!
* * * LOW HITPOINT WARNING * * *
The 13-headed hydra bites you!
You die...
Your body crumbles into a pile of gold.

### ### *** ##* ##* ### *.###P#*
#.## ### ###
**......######.####.#####P
*,.........##.#...........
*,.........#............##
**...........#.#..(...####
*#....(D@..P###.....#.##.
#.........## #......###.
##.#....$## #...P####.. **
**##....# ##P### #... ,**
****##...#* ### ##... ,,**
****,**,.....* ###....
,,,****,**,,,.....#* ##......
,,,,,,,,,,*,##..P.#*##*###.......
,,,,,,,******##.##..#.##.##......


You could see a 13-headed hydra.

Vanquished Creatures
  Gastronok (D:9)
  Erica (D:8)
  A boulder beetle (D:11)
  A skeletal warrior (D:12)
  2 lindwurms (Volcano)
  2 cyclopes
  6 elephants (Lair:2)
  5 molten gargoyles (Volcano)
  2 black mambas
  Jeremiah (D:7)
  6 komodo dragons
  A gargoyle (D:10)
  2 efreet (Volcano)
  A rime drake (Lair:1)
  2 cane toads (Lair:2)
  Maggie (D:6)
  A kobold demonologist (D:11)
  A troll (D:9)
  A polar bear (Lair:1)
  Grinder (D:5)
  Prince Ribbit (D:9)
  A hornet (D:9)
  A shadow (D:8)
  6 wraiths
  2 vampires
  8 yaks
  2 basilisks
  5 fire elementals (Volcano)
  A wyvern (D:6)
  A steam dragon (D:6)
  3 fire bats (D:8)
  3 vampire mosquitoes (D:12)
  3 acid dragons
  Menkaure (D:7)
  5 water moccasins
  4 orc warriors
  A sky beast (D:6)
  7 black bears
  3 ice beasts
  3 ogres
  11 wolves
  3 centaurs
  An earth elemental (Volcano)
  11 bullfrogs
  A gnoll sergeant (D:9)
  3 scorpions
  11 wights
  12 killer bees (D:9)
  3 howler monkeys
  4 hounds
  6 orc priests
  4 jellies
  2 gnoll boudas
  A sleepcap (D:6)
  10 iguanas
  10 orc wizards
  2 mummies
  7 gnolls
  17 adders
  A shadow imp (D:7)
  3 white imps (D:6)
  2 ufetubi
  A worm (D:3)
  4 dart slugs
  42 orcs
  9 bats
  5 endoplasms
  12 giant cockroaches
  10 goblins
  4 hobgoblins
  5 jackals
  6 quokkas
  14 ball pythons
  12 frilled lizards
  3 gnoll skeletons (Ossuary)
  4 kobolds
  6 kobold skeletons (Ossuary)
  16 orc skeletons (Ossuary)
  3 rats
381 creatures vanquished.

Notes
Turn   | Place    | Note
-------+----------+-------------------------------------------
     0 | D:1      | Kurtz the Octopode Fighter began the quest for the Orb.
     0 | D:1      | Reached XP level 1. HP: 16/16 MP: 1/1
   157 | D:1      | Reached XP level 2. HP: 21/21 MP: 2/2
   313 | D:1      | Reached skill level 3 in Axes
   916 | D:2      | Reached XP level 3. HP: 26/26 MP: 3/3
  1258 | D:3      | Found an opulent altar of Gozag.
  1323 | D:3      | Became a worshipper of Gozag Ym Sagoz the Greedy
  1429 | D:3      | Reached skill level 4 in Axes
  1429 | D:3      | Reached XP level 4. HP: 8/31 MP: 4/4
  1648 | D:3      | Found a basalt altar of Yredelemnul.
  1753 | D:3      | Reached skill level 5 in Axes
  1756 | D:3      | Reached XP level 5. HP: 36/36 MP: 5/5
  2743 | D:4      | Got a strange book
  2748 | D:4      | Found a shimmering altar of Xom.
  3128 | D:4      | Reached skill level 6 in Axes
  3131 | D:4      | Reached XP level 6. HP: 32/42 MP: 6/6
  3487 | D:4      | Found a hide-covered altar of Uskayaw.
  3681 | D:4      | Found a runed translucent door.
  3682 | D:4      | Noticed Crazy Yiuf
  3964 | D:5      | Entered Level 5 of the Dungeon
  3972 | D:5      | Reached skill level 7 in Axes
  3975 | D:5      | Reached XP level 7. HP: 42/46 MP: 7/7
  4301 | D:5      | Reached skill level 8 in Axes
  4365 | D:5      | Found a staircase to the Ecumenical Temple.
  4641 | D:5      | Noticed Grinder
  4645 | D:5      | Reached skill level 9 in Axes
  4645 | D:5      | Reached XP level 8. HP: 39/52 MP: 8/8
  4646 | D:5      | Gained mutation: You are dopey. (Int -2) [potion of
                  | mutation]
  4649 | D:5      | Paralysed by Grinder for 3 turns
  4654 | D:5      | Reached skill level 11 in Axes
  4654 | D:5      | Reached XP level 9. HP: 36/64 MP: 9/9
  4669 | D:5      | Killed Grinder
  5210 | D:6      | Noticed Duvessa
  5254 | D:6      | Noticed Maggie
  5278 | D:6      | Killed Maggie
  5330 | D:6      | Found a glowing drain.
  5335 | Sewer    | Entered a sewer
  5453 | Sewer    | Identified the amulet "Noibb" {Spirit rElec Will++ Dex+3}
  5668 | D:6      | Found a burning altar of Makhleb.
  5838 | D:6      | Reached skill level 12 in Axes
  5875 | D:6      | Reached XP level 10. HP: 42/71 MP: 10/10
  6234 | D:6      | Reached skill level 13 in Axes
  6328 | D:6      | Found a glowing golden altar of the Shining One.
  6330 | D:6      | Noticed Dowan
  6499 | D:7      | Noticed Jeremiah
  6569 | D:7      | Killed Jeremiah
  6688 | D:7      | Found Yminiffa's Vocational Training.
  6858 | D:7      | Found a sand-covered staircase.
  6867 | Ossuary  | Entered an ossuary
  7628 | D:7      | Noticed Menkaure
  7635 | D:7      | Killed Menkaure
  7996 | D:8      | Noticed Erica
  8004 | D:8      | Killed Erica
  8279 | D:8      | Reached skill level 14 in Axes
  8279 | D:8      | Reached XP level 11. HP: 75/75 MP: 11/11
  8570 | D:8      | Found a runed translucent door.
  8597 | D:8      | Found a radiant altar of Vehumet.
  8687 | D:8      | Found a stormy altar of Qazlal.
  8700 | D:8      | Found an ornate altar of the Wu Jian Council.
  8747 | D:8      | Found a burning altar of Makhleb.
  8756 | D:8      | Found a radiant altar of Vehumet.
  8895 | D:8      | Found a white marble altar of Elyvilon.
  8909 | D:8      | Noticed a flayed ghost
  9319 | D:9      | Noticed Prince Ribbit
  9329 | D:9      | Killed Prince Ribbit
  9392 | D:9      | Noticed an obsidian statue
  9415 | D:9      | Found a staircase to the Lair.
  9467 | D:9      | Found a runed translucent gate.
  9467 | D:9      | Found a runed translucent gate.
  9467 | D:9      | Found a runed translucent gate.
  9471 | D:9      | Noticed justen's ghost (novice MfSh)
  9598 | D:9      | Noticed Gastronok
  9617 | D:9      | Killed Gastronok
  9618 | D:9      | Reached skill level 15 in Axes
  9811 | D:9      | Identified the +3 war axe of the Tundras {heavy, rPois rC+
                  | Str-5}
 10359 | D:10     | Entered Level 10 of the Dungeon
 10551 | D:10     | Found Echokon's Assorted Antiques.
 10570 | D:10     | Bought an orange potion for 18 gold pieces
 10570 | D:10     | Bought a pearl ring for 100 gold pieces
 10570 | D:10     | Bought a silvery potion for 18 gold pieces
 10613 | D:10     | Learned a level 1 spell: Necrotise
 10754 | D:10     | Found a bloodstained altar of Trog.
 10817 | D:10     | Reached XP level 12. HP: 50/84 MP: 6/12
 11188 | D:10     | Found a staircase to the Orcish Mines.
 11740 | D:11     | Noticed a boulder beetle
 11756 | D:11     | Killed a boulder beetle
 13232 | D:13     | Found a portal to a secret trove of treasure.
 13369 | Lair:1   | Entered Level 1 of the Lair of Beasts
 14084 | Lair:1   | Reached skill level 16 in Axes
 14270 | Lair:1   | You are sucked into a shaft and drop 1 floor!
 14541 | Lair:2   | Found a dark tunnel.
 14554 | Lair:2   | Learned a level 4 spell: Anguish
 14561 | Volcano  | Entered a volcano
 14674 | Volcano  | Reached XP level 13. HP: 53/92 MP: 7/13
 14874 | Volcano  | Reached skill level 1 in Hexes
 14874 | Volcano  | Reached skill level 1 in Necromancy
 14965 | Volcano  | Reached skill level 10 in Fighting
 15247 | Volcano  | Reached skill level 1 in Spellcasting
 15279 | Volcano  | Reached skill level 10 in Dodging
 15725 | Lair:2   | HP: 4/92 [13-headed hydra (7)]
 15725 | Lair:2   | Mangled by a 13-headed hydra

Illustrated notes

Levels and vault maps discovered:
D:1:      amcnicky_arrival_abandoned_market, layout_basic,
          serial_co_window_serial, co_window_of_opportunity_a,
          co_window_paths_a, co_window_paths_b, co_window_corner_a,
          co_window_paths_b, co_window_broadway_c, co_window_broadway_c,
          co_window_broadway_c, co_window_cross_3, glass_columns_a,
          glass_columns_a, glass_columns_a, glass_columns_b, glass_columns_c,
          glass_columns_b
D:2:      layout_rooms
D:3:      minmay_razor_zed, layout_loops_corners,
          mainiacjoe_overflow_surrounded_room, grunt_gozag_breadcrumbs,
          feat_on_display
D:4:      layout_layer_cave, marbit_many_paths, mainiacjoe_overflow_boulevard,
          minmay_snake_closets, uniq_crazy_yiuf_cottage
D:5:      layout_loops_cross, minmay_temple_entry_fiery, serial_aquarium,
          aquarium_bridge_square [aquarium_subvault_window,
          aquarium_subvault_bridge, aquarium_subvault_wall,
          aquarium_subvault_wall], aquarium_window_fake, aquarium_window_fake,
          aquarium_view_2b, aquarium_balcony_3a, uniq_grinder
D:6:      wad_guarded_room, layout_basic, mainiacjoe_overflow_small_starburst,
          mainiacjoe_overflow_catwalk, portal_sewer_entry_e, uniq_maggie,
          uniq_duvessa
D:7:      layout_cave_pods, gup_ossuary_entry_pyramid, nicolae_shop_vocational,
          uniq_menkaure, uniq_jeremiah
D:8:      due_megacathedral, layout_basic, uniq_erica
D:9:      layout_irregular_city, grunt_lair_entry_orc_guard_hut,
          gammafunk_ghost_nasty_kobolds, minmay_protected_statue,
          uniq_gastronok, uniq_prince_ribbit1
D:10:     layout_long_grid, old_standard_altar, orc_0_dummy, serial_shops, shop,
          patterned_corridor
D:11:     layout_cave_pods
D:12:     minmay_expanding_squares, layout_small_grid
D:13:     layout_rooms, serial_corexii_hall, chequers_hall_statues_corner_a,
          corexii_hall_statues_s, enter_trove_1, vehumet_statue
Lair:1:   gammafunk_lair_enchanted_lake, layout_cave_pods
Lair:2:   layout_cave_pods, nicolae_volcano_entry_lava_flow, lemuel_fruit_tree

Skill      XL: |  1  2  3  4  5  6  7  8  9 10 11 12 13 |
---------------+----------------------------------------+-----
Axes           | 3 4 5 6 7 9 11 12 14 15 16 | 16.0
Fighting       | 7 8 9 10 | 10.1
Dodging        | 7 8 9 10 | 10.0
Shields        | 7 8 9 |  9.0
Hexes          | 1 |  1.3
Necromancy     | 1 |  1.3
Spellcasting   | 1 |  1.2

Action                     |  1- 3 |  4- 6 |  7- 9 | 10-12 | 13-15 || total
---------------------------+-------+-------+-------+-------+-------++-------
  Melee: War axe           |    50 |    78 |    72 |   578 |    57 ||   835
         Constrict         |     7 |    26 |    34 |    98 |     6 ||   171
         Tentacles         |     4 |    16 |    41 |   147 |    16 ||   224
         Punch             |       |     1 |     3 |     7 |     2 ||    13
         Hand axe          |       |    31 |    82 |       |       ||   113
  Throw: Javelin           |       |       |     4 |    31 |       ||    35
         Throwing net      |       |       |       |     3 |     1 ||     4
 Invoke: Potion Petition   |       |     1 |     1 |     5 |     1 ||     8
  Evoke: Wand              |       |       |       |    10 |       ||    10
    Use: Potion            |     2 |       |     5 |     8 |     1 ||    16
         Scroll            |       |       |     1 |    12 |     2 ||    15
   Stab: Sleeping          |     3 |     8 |     6 |     4 |     1 ||    22
         Distracted        |       |       |     1 |     7 |     1 ||     9
         Invisible         |       |       |     1 |     2 |     7 ||    10
         Held in net/web   |       |       |       |     1 |       ||     1
 Armour: Skin              |    19 |    31 |    46 |   184 |    69 ||   349
  Dodge: Dodged            |    30 |    66 |    94 |   376 |    60 ||   626
  Block: Buckler           |     8 |    18 |    30 |    94 |       ||   150
         Kite shield       |       |       |       |   101 |    45 ||   146

Table legend: (Time is in decaauts)
 A = Elapsed time spent in this place.
 B = Non-inter-level travel time spent in this place.
 C = Inter-level travel time spent in this place.
 D = Time resting spent in this place.
 E = Time spent auto-exploring this place.
 F = Levels seen in this place.
 G = Mean time per level.
                   A        B        C        D        E       F      G
               +--------+--------+--------+--------+--------+-----+--------+
         Total |  15766 |  14772 |    994 |   2259 |   9036 |  18 |  875.9 |
       Dungeon |  12932 |  11939 |    993 |   1428 |   7958 |  13 |  994.8 |
          Lair |   1529 |   1529 |      0 |    346 |    772 |   2 |  764.5 |
         Sewer |    285 |    285 |      0 |      0 |    167 |   1 |  285.0 |
       Ossuary |    298 |    298 |      0 |      0 |    117 |   1 |  298.0 |
       Volcano |    721 |    721 |      0 |    484 |     22 |   1 |  721.0 |
               +--------+--------+--------+--------+--------+-----+--------+

Top non-repeatable levels by time:
     D:9: 1547 daAuts
     D:4: 1413 daAuts
     D:3: 1356 daAuts
     D:5: 1244 daAuts
     D:8: 1168 daAuts
     D:7: 1063 daAuts
    D:11: 1019 daAuts
     D:6: 942 daAuts
    D:10: 927 daAuts
    D:12: 880 daAuts
     D:1: 811 daAuts
  Lair:1: 783 daAuts
  Lair:2: 745 daAuts
 Volcano: 721 daAuts
     D:2: 425 daAuts
